 Dungeon Crawl Stone Soup version 0.19.0 (webtiles) character file.

28435 Magifyre the Brawler (level 13, -2/110 HPs)
             Began as a Troll Fighter on Nov 9, 2016.
             Was a High Priest of the Shining One.
             Slain by a meliai zombie (4 damage)
             ... on level 14 of the Dungeon.
             The game lasted 00:36:31 (10415 turns).

Magifyre the Brawler (Troll Fighter)               Turns: 10415, Time: 00:36:33

Health: -2/110     AC:  9    Str: 27    XL:     13   Next: 9%
Magic:  16/19      EV:  8    Int:  4    God:    the Shining One [*****.]
Gold:   734        SH: 19    Dex: 13    Spells: 0 memorised, 12 levels left

rFire  . . .     SeeInvis .       - Unarmed
rCold  . . .     Gourm    +     J - +2 robe {MR+}
rNeg   + + .     Faith    .     b - +0 shield
rPois  .         Spirit   .     (helmet restricted)
rElec  .         Reflect  .     P - +1 cloak
rCorr  .         Harm     .     (gloves unavailable)
MR     +....                    (boots unavailable)
Stlth  +.........               (no amulet)
                                E - +1 ring of slaying
                                r - +2 ring of slaying

@: divine shield, about to teleport, barbed spikes, glowing
A: unfitting armour, claws 3, fast metabolism 3, gourmand, regeneration 1,
shaggy fur 1, tough skin 2
a: Divine Shield, Cleansing Flame, Summon Divine Warrior, Renounce Religion


You were on level 14 of the Dungeon.
You worshipped the Shining One.
The Shining One was extremely pleased with you.
You were very full.

You visited 1 branch of the dungeon, and saw 14 of its levels.
You also visited: Sewer.

You collected 734 gold pieces.

Inventory:

Hand Weapons
 T - a +2 scimitar of flaming
Missiles
 l - 2 throwing nets
 q - 16 large rocks (quivered)
 R - 5 javelins of returning
 S - 8 tomahawks
Armour
 b - a +0 shield (worn)
 J - a +2 robe of magic resistance (worn)
 P - a +1 cloak (worn)
Jewellery
 a - an uncursed ring of positive energy
 r - a +2 ring of slaying (left claw)
 E - a +1 ring of slaying (right claw)
 F - an uncursed amulet of the gourmand {unknown}
 X - an uncursed ring of fire
Wands
 i - a wand of enslavement (8/24)
 n - a wand of digging (24/24)
 M - a wand of iceblast (7/15)
 O - a wand of iceblast (5/15)
 W - a wand of disintegration (10/24)
 Z - a wand of acid (9/15)
Scrolls
 f - 3 scrolls of magic mapping {unknown}
 g - 4 scrolls of random uselessness {unknown}
 k - 4 scrolls of recharging
 p - 3 scrolls of remove curse
 s - 3 scrolls of amnesia
 u - 4 scrolls of identify
 w - a scroll of noise {unknown}
 x - 3 scrolls of immolation {unknown}
 y - a scroll of vulnerability {unknown}
 G - 5 scrolls of fear {unknown}
 L - a scroll of enchant armour {unknown}
 N - a scroll of silence {unknown}
Potions
 c - 5 potions of might
 e - a potion of cure mutation
 m - 8 potions of curing
 v - a potion of lignification
 A - 4 potions of flight
 B - 2 potions of heal wounds
 C - 3 potions of agility
 D - a potion of haste
 H - 2 potions of ambrosia
 V - a potion of brilliance
Books
 z - a book of Cantrips

   Spells                             Type                      Level
   a - Confusing Touch                Hexes                        1
   b - Animate Skeleton               Necromancy                   1
   c - Summon Small Mammal            Summoning                    1
   d - Apportation                    Translocation                1
 Q - a book of Misfortune

   Spells                             Type                      Level
   a - Confusing Touch                Hexes                        1
   b - Confuse                        Hexes                        3
   c - Gell's Gravitas                Hexes/Translocation          3
   d - Petrify                        Transmutation/Earth          4
   e - Metabolic Englaciation         Hexes/Ice                    5
   f - Yara's Violent Unravelling     Hexes/Transmutation          5
Comestibles
 d - 10 bread rations
 h - 4 beef jerkies
 o - 10 meat rations
 t - 2 fruits
 I - 8 chunks of flesh
 K - 4 royal jellies
 U - 2 slices of pizza


   Skills:
 - Level 2.4 Fighting
 - Level 2.4 Dodging
 - Level 2.4 Shields
 + Level 18.3 Unarmed Combat
 + Level 9.7 Invocations


You had 12 spell levels left.
You didn't know any spells.

Dungeon Overview and Level Annotations

Branches:
Dungeon (14/15)            Temple (0/1) D:7            Lair (0/6) D:9
    Orc (0/2) D:9          Vaults (0/5) D:13

Altars:
Elyvilon
Fedhas
Gozag
Hepliaklqana
Kikubaaqudgha
Nemelex Xobeh
Okawaru
Qazlal
Trog
Uskayaw
Zin
The Shining One
Beogh

Portals:
Trove: D:13 (give +8 demon whip)


Innate Abilities, Weirdness & Mutations

You are too large for most types of armour.
You have claws for hands.
Your metabolism is lightning-fast.
You like to eat raw meat.
Your natural rate of healing is unusually fast.
You are covered in fur. (AC +1)
You have very tough skin. (AC +2)


Message History

* * * LOW HITPOINT WARNING * * *
You block the meliai zombie's attack. The meliai zombie hits you!
The Shining One protects you from harm! You block the unseen horror's attack.
Your surroundings seem slightly different.
The meliai calls upon its god to heal the meliai zombie.
The meliai zombie is healed somewhat.
You block the meliai zombie's attack. x2
You block the meliai's attack. The meliai stings you.
* * * LOW HITPOINT WARNING * * *
You block the meliai zombie's attack. The meliai zombie barely misses you.
The unseen horror closely misses you.
Found a dagger, a whip and a quarterstaff.
As you read the scroll of teleportation, it crumbles to dust.
You feel strangely unstable. You block the unseen horror's attack.
The meliai barely misses you. You block the meliai's attack.
The meliai zombie barely misses you. The meliai zombie hits you.
* * * LOW HITPOINT WARNING * * *
The unseen horror barely misses you. The meliai hits you but does no damage.
You block the meliai's attack. The meliai zombie hits you.
You die...

8).....).)8..#
.............#.
................
..............#
.8.........8..#
.............#
.......y.)...#
#...)...@...#
#..8.(Z8x.##
##....ยง(.##
#########


You could see an unseen horror (invisible), a meliai and a meliai zombie.

Vanquished Creatures
  Kirke (D:14)
  2 hydras (D:14)
  5 centaur warriors
  Erica (D:11)
  An ogre mage (D:13)
  2 skeletal warriors (D:12)
  3 hill giants
  The ghost of Magifyre the Grappler, a novice TrFi of the Shining One (D:6)
  An orc knight (D:13)
  Pikel (D:5)
  A wolf spider zombie (D:13)
  A deep elf mage (D:12)
  2 ugly things
  A manticore (D:12)
  4 cyclopes
  The ghost of werdna the Chopper, a novice DDBe of Trog (D:4)
  3 centaur skeletons
  4 komodo dragons
  3 kobold demonologists (D:12)
  A merfolk (D:10)
  2 hornets
  2 two-headed ogres
  A hippogriff (D:7)
  A wyvern (D:13)
  2 wraiths (D:13)
  5 yaks (D:11)
  2 hogs (D:14)
  Grum (D:8)
  3 vampire mosquitoes (D:12)
  A hungry ghost (D:10)
  A steam dragon (D:11)
  Edmund (D:5)
  A soldier ant (D:11)
  8 orc warriors
  3 water moccasins
  A slave (D:5)
  3 ice beasts
  A black bear (D:8)
  2 sky beasts
  A phantom (D:5)
  4 necrophages
  A boggart (D:13)
  5 ogres
  8 centaurs
  3 wolves (D:8)
  2 crocodiles
  5 big kobolds
  7 bullfrogs
  3 scorpions
  12 killer bees
  13 wights
  2 howler monkeys
  5 crimson imps
  3 bullfrog zombies
  A centaur zombie (D:12)
  2 quasits
  6 hounds
  7 orc priests
  4 bullfrog skeletons
  4 jellies
  10 orc wizards
  Crazy Yiuf (D:4)
  3 iguanas
  Natasha (D:3)
  6 worker ants
  A worker ant zombie (D:9)
  9 gnolls
  10 adders
  2 river rats (Sewer)
  3 shadow imps
  3 oozes
  2 adder zombies
  An adder skeleton (D:4)
  4 worms
  A dart slug (D:3)
  3 leopard geckos
  64 orcs
  4 giant cockroaches
  8 goblins
  3 hobgoblins
  9 jackals
  7 quokkas
  9 ball pythons
  7 bats
  4 frilled lizards
  35 kobolds
  A leopard gecko skeleton (D:4)
  27 rats
416 creatures vanquished.

Vanquished Creatures (others)
  A wizard (D:13)
  4 humans (D:14)
  A scorpion (D:14)
  2 orcs (D:10)
8 creatures vanquished.

Grand Total: 424 creatures vanquished

Notes
Turn   | Place    | Note
-------+----------+-------------------------------------------
     0 | D:1      | Magifyre the Troll Fighter began the quest for the Orb.
     0 | D:1      | Reached XP level 1. HP: 22/22 MP: 0/0
   170 | D:1      | Reached XP level 2. HP: 29/29 MP: 1/1
   373 | D:1      | Reached skill level 3 in Unarmed Combat
   720 | D:2      | Reached XP level 3. HP: 27/36 MP: 2/2
   823 | D:2      | Found a glowing silver altar of Zin.
   823 | D:2      | Found a white marble altar of Elyvilon.
   824 | D:2      | Found a glowing golden altar of the Shining One.
  1100 | D:2      | Became a worshipper of the Shining One
  1221 | D:3      | Noticed an air elemental
  1254 | D:3      | Noticed a fire elemental
  1264 | D:3      | Reached skill level 4 in Unarmed Combat
  1300 | D:3      | Found a stormy altar of Qazlal.
  1304 | D:3      | Noticed an earth elemental
  1304 | D:3      | Noticed a water elemental
  1341 | D:3      | Reached XP level 4. HP: 36/44 MP: 3/3
  1721 | D:3      | Noticed Natasha
  1726 | D:3      | Killed Natasha
  1726 | D:3      | Reached skill level 5 in Unarmed Combat
  1757 | D:3      | Found a glowing drain.
  1764 | Sewer    | Entered a sewer
  1797 | Sewer    | Noticed a big kobold
  1802 | Sewer    | Killed a big kobold
  1802 | Sewer    | Reached XP level 5. HP: 38/50 MP: 4/4
  1841 | Sewer    | Reached * piety under the Shining One
  1897 | Sewer    | Reached skill level 6 in Unarmed Combat
  2340 | D:4      | Reached XP level 6. HP: 59/59 MP: 5/5
  2410 | D:4      | Found an iron altar of Okawaru.
  2461 | D:4      | Reached skill level 7 in Unarmed Combat
  2575 | D:4      | Found a runed door.
  2621 | D:4      | Noticed werdna's ghost (novice DDBe)
  2629 | D:4      | Killed werdna's ghost
  2629 | D:4      | Reached skill level 8 in Unarmed Combat
  2629 | D:4      | Reached XP level 7. HP: 55/66 MP: 6/6
  2677 | D:4      | Found a hazy altar of Hepliaklqana.
  2677 | D:4      | Found an ancient bone altar of Kikubaaqudgha.
  2835 | D:4      | Noticed Crazy Yiuf
  2839 | D:4      | Killed Crazy Yiuf
  2839 | D:4      | Reached skill level 9 in Unarmed Combat
  2848 | D:4      | Identified a +0 rod of inaccuracy (10/10) (You found it on level 3 of the Dungeon)
  2901 | D:5      | Entered Level 5 of the Dungeon
  2921 | D:5      | Reached ** piety under the Shining One
  2945 | D:5      | Reached XP level 8. HP: 69/74 MP: 7/7
  3113 | D:5      | Noticed Edmund
  3120 | D:5      | Killed Edmund
  3120 | D:5      | Reached skill level 10 in Unarmed Combat
  3165 | D:5      | Got an encrusted quarterstaff
  3172 | D:5      | Identified the +11 quarterstaff of Opurun {holy, MR++ Dex+2 Stlth-} (You found it on level 5 of the Dungeon)
  3254 | D:5      | Noticed Pikel
  3260 | D:5      | Killed Pikel
  3260 | D:5      | Reached skill level 11 in Unarmed Combat
  3268 | D:5      | Found an opulent altar of Gozag.
  3335 | D:5      | Reached XP level 9. HP: 80/80 MP: 8/8
  3377 | D:5      | Found a sparkling altar of Nemelex Xobeh.
  3584 | D:6      | Reached skill level 12 in Unarmed Combat
  3585 | D:6      | Noticed Magifyre's ghost (novice TrFi)
  3592 | D:6      | Killed Magifyre's ghost
  3690 | D:6      | Reached skill level 13 in Unarmed Combat
  3746 | D:6      | Reached *** piety under the Shining One
  3985 | D:7      | Found a staircase to the Ecumenical Temple.
  5035 | D:8      | Reached XP level 10. HP: 88/88 MP: 9/9
  5055 | D:8      | Reached skill level 14 in Unarmed Combat
  5174 | D:8      | Noticed Grum
  5183 | D:8      | Killed Grum
  5550 | D:8      | Found a bloodstained altar of Trog.
  5551 | D:8      | Found a hide-covered altar of Uskayaw.
  5759 | D:9      | Found a staircase to the Orcish Mines.
  5768 | D:9      | Found a roughly hewn altar of Beogh.
  5873 | D:9      | Found a staircase to the Lair.
  6015 | D:9      | Reached **** piety under the Shining One
  6194 | D:9      | Reached skill level 15 in Unarmed Combat
  6436 | D:10     | Entered Level 10 of the Dungeon
  6793 | D:10     | Noticed a hill giant
  6800 | D:10     | Killed a hill giant
  7114 | D:11     | Noticed Erica
  7132 | D:11     | Killed Erica
  7132 | D:11     | Reached skill level 16 in Unarmed Combat
  7132 | D:11     | Reached XP level 11. HP: 41/93 MP: 10/10
  7293 | D:11     | Noticed a purple ugly thing
  7299 | D:11     | Killed a purple ugly thing
  7299 | D:11     | Reached skill level 1 in Invocations
  7481 | D:11     | Reached ***** piety under the Shining One
  7630 | D:11     | Noticed a hill giant
  7634 | D:11     | Killed a hill giant
  7849 | D:12     | Noticed a deep elf mage
  7862 | D:12     | Killed a deep elf mage
  7867 | D:12     | Noticed a red ugly thing
  7872 | D:12     | Killed a red ugly thing
  7876 | D:12     | Reached skill level 5 in Invocations
  7935 | D:12     | Found a blossoming altar of Fedhas.
  8036 | D:12     | Noticed a skeletal warrior
  8036 | D:12     | Noticed a skeletal warrior
  8038 | D:12     | Noticed a skeletal warrior
  8049 | D:12     | Killed a skeletal warrior
  8049 | D:12     | Reached skill level 17 in Unarmed Combat
  8503 | D:12     | Killed a skeletal warrior
  8503 | D:12     | Reached XP level 12. HP: 22/104 MP: 15/15
  8693 | D:13     | Found a portal to a secret trove of treasure.
  8707 | D:13     | Noticed a centaur warrior
  8719 | D:13     | Killed a centaur warrior
  9266 | D:13     | Noticed a centaur warrior
  9272 | D:13     | Killed a centaur warrior
  9441 | D:13     | Noticed an ogre mage
  9441 | D:13     | Noticed a centaur warrior
  9448 | D:13     | Killed a centaur warrior
  9465 | D:13     | Killed an ogre mage
  9527 | D:13     | Found a gate to the Vaults.
  9983 | D:13     | Found a bloodstained altar of Trog.
 10038 | D:14     | Noticed a centaur warrior
 10041 | D:14     | Killed a centaur warrior
 10041 | D:14     | Reached skill level 18 in Unarmed Combat
 10045 | D:14     | Noticed Kirke
 10054 | D:14     | Killed Kirke
 10124 | D:14     | Noticed a seven-headed hydra
 10130 | D:14     | HP: 1/104 [five-headed hydra (12)]
 10133 | D:14     | Killed a three-headed hydra
 10307 | D:14     | Noticed a four-headed hydra
 10315 | D:14     | Killed a one-headed hydra
 10315 | D:14     | Reached XP level 13. HP: 26/110 MP: 19/19
 10412 | D:14     | HP: 5/110 [meliai zombie (3)]
 10413 | D:14     | The Shining One protects you from harm!
 10415 | D:14     | HP: 2/110 [meliai zombie (2)]
 10415 | D:14     | Slain by a meliai zombie

Skill      XL: |  1  2  3  4  5  6  7  8  9 10 11 12 |
---------------+-------------------------------------+-----
Unarmed Combat | 3 4 5 6 8 9 11 13 16 17 18 | 18.3
Invocations    | 6 9 |  9.7
Fighting       | |  2.4
Dodging        | |  2.4
Shields        | |  2.4

Action                   |  1- 3 |  4- 6 |  7- 9 | 10-12 | 13-15 || total
-------------------------+-------+-------+-------+-------+-------++-------
Melee: Unarmed           |    97 |   157 |   172 |   506 |    25 ||   957
       Scimitar          |       |       |       |    15 |       ||    15
Invok: Divine Shield     |       |       |       |     6 |     2 ||     8
       Cleansing Flame   |       |       |       |     2 |       ||     2
  Use: Scroll            |       |       |       |    16 |     3 ||    19
       Potion            |       |       |       |     3 |     2 ||     5
  Eat: Chunk             |    18 |    12 |    21 |    56 |       ||   107
       Fruit             |       |       |       |     1 |       ||     1
Armor: Robe              |    32 |    72 |    28 |   125 |    11 ||   268
Dodge: Dodged            |    43 |    47 |    42 |   121 |    14 ||   267
Block: Shield            |    63 |    83 |    53 |   263 |    46 ||   508
       Rpst.: Scimitar   |       |       |       |     1 |       ||     1
